 Dungeon Crawl Stone Soup version 0.24-a0-358-g53aee78b01 (webtiles) character file.

Game seed: 1901229569425559593

151 Avack the Firebug (level 5, -8/38 HPs)
             Began as a Hill Orc Fire Elementalist on May 25, 2019.
             Was a Follower of Vehumet.
             Mangled by Menkaure (21 damage)
             ... on level 4 of the Dungeon.
             The game lasted 00:13:56 (3323 turns).

Avack the Firebug (Hill Orc Fire Elementalist)      Turns: 3323, Time: 00:13:57

Health: -8/38      AC:  4    Str: 16    XL:     5   Next: 33%
Magic:  7/7        EV: 11    Int: 16    God:    Vehumet [*.....]
Gold:   207        SH:  0    Dex: 11    Spells: 3/7 levels left

rFire    + . .     SeeInvis +   o - +3 hand axe (chop)
rCold    . . .     Gourm    .   (no shield)
rNeg     . . .     Faith    .   i - +1 leather armour {rF+}
rPois    .         Spirit   .   (no helmet)
rElec    .         Reflect  .   (no cloak)
rCorr    .         Harm     .   (no gloves)
MR       .....                  (no boots)
Stlth    +.........             (no amulet)
HPRegen  0.12/turn              r - +5 ring of strength
MPRegen  0.10/turn              f - ring of see invisible

@: confused, very slightly contaminated
A: no striking features
a: Renounce Religion


You were on level 4 of the Dungeon.
You worshipped Vehumet.
Vehumet was aware of your devotion.
You were not hungry.

You visited 1 branch of the dungeon, and saw 4 of its levels.

You collected 207 gold pieces.

Inventory:

Hand Weapons
 o - a +3 hand axe of chopping (weapon)
Missiles
 b - 42 poisoned darts
 j - 3 atropa-tipped darts
 l - 4 curare-tipped darts
 n - 8 javelins
 v - 6 boomerangs (quivered)
Armour
 i - a +1 leather armour of fire resistance (worn)
Jewellery
 f - a ring of see invisible (right hand)
 r - a +5 ring of strength (left hand)
Wands
 t - a wand of digging (1)
Scrolls
 a - a scroll of teleportation
 d - a scroll of enchant weapon
 e - a scroll of blinking {unknown}
 w - a scroll of fog
 y - a scroll of random uselessness {unknown}
 A - a scroll of remove curse
Potions
 g - 2 potions of mutation
 h - a potion of agility {unknown}
 m - 2 potions of invisibility
 p - 2 potions of curing {unknown}
 q - a potion of magic {unknown}
 s - a potion of degeneration {unknown}
 u - 2 potions of haste {unknown}
 z - 2 potions of flight {unknown}
 B - a potion of resistance {unknown}
Comestibles
 c - 9 rations
 x - 2 chunks of flesh


   Skills:
 - Level 1.5 Dodging
 - Level 1.5 Stealth
 - Level 1.5 Spellcasting
 * Level 4.1 Conjurations
 + Level 4.5 Fire Magic


You had 3 spell levels left.
You knew the following spells:

 Your Spells              Type           Power        Failure   Level  Hunger
a - Flame Tongue          Conj/Fire      ###..        4%          1    ##.....
b - Conjure Flame         Conj/Fire      ###.....     14%         3    ####...

Your spell library contained the following spells:

 Spells                   Type           Power        Failure   Level  Hunger
 Sandblast                Erth           #.....       26%         1    ##.....
 Throw Flame              Conj/Fire      ###...       7%          2    ###....
 Inner Flame              Hex/Fire       #.......     32%         3    ####...
 Sticky Flame             Conj/Fire      ###.....     41%         4    #####..
 Fireball                 Conj/Fire      ###.......   77%         5    ######.


Dungeon Overview and Level Annotations

Branches:
Dungeon (4/15)
 Temple: D:4-7

Altars:
Dithmenos
Nemelex Xobeh
Ru
Trog
Uskayaw
Vehumet

Annotations:
D:4 Menkaure


Message History

Menkaure calls on the powers of darkness!
Your body is wracked with pain!
* * * LOW HITPOINT WARNING * * *
Casting: Conjure Flame (safe; 14% risk of failure)
Confirm with . or Enter, or press ? or * to list all spells.
Aiming: Flame Tongue (safe; 4% risk of failure)
Press: ? - help, Shift-Dir - straight line, f - Menkaure
Aim: Menkaure (fast)
The flame tongue hits Menkaure!
Menkaure is burned terribly!
Menkaure is moderately damaged.
Evoke which item? (* to show all) (? for menu, Esc to quit)
Okay, then.
Menkaure completely misses you.
Okay, then.
You are confused.
You feel invigorated.
Menkaure shouts, "The curse of the Pharaohs be upon you!"
Menkaure hits you!!
Ouch! That really hurt!
You die...

...#...#
##...##.#.#.........#
#...#.###.M..............#.##
.
##...#.....######......####.#
.##..........#
#........######
......###....# #...#......#
##...## #.'#### #####'....##
##..## #.#...# #...##...#
.##..####.#.#.####.#.######
.###....#.#....M@....#
.#.#.##...###.####.###
..........# #.# #.#
..........# #.# #.#
#.........# #.# #.#
..##.####.# ... ... ......# #
#.# #.# .#....# .. .. .#...##


You could see Menkaure.

Vanquished Creatures
  A worker ant (D:4)
  6 adders
  An ooze (D:3)
  A worm (D:2)
  A dart slug (D:1)
  3 leopard geckos (D:3)
  2 orcs
  A ball python (D:3)
  A giant cockroach (D:2)
  7 hobgoblins
  4 jackals (D:1)
  A quokka (D:3)
  10 bats
  3 frilled lizards
  5 goblins
  5 kobolds
  12 rats
64 creatures vanquished.

Notes
Turn   | Place    | Note
-------+----------+-------------------------------------------
     0 | D:1      | Avack the Hill Orc Fire Elementalist began the quest for
                  | the Orb.
     0 | D:1      | Reached XP level 1. HP: 14/14 MP: 3/3
   331 | D:1      | You fall into a shaft and drop 1 floor!
   492 | D:2      | Reached XP level 2. HP: 19/20 MP: 4/4
   954 | D:1      | Reached XP level 3. HP: 7/26 MP: 1/5
  1783 | D:2      | Learned a level 3 spell: Conjure Flame
  1938 | D:2      | Reached XP level 4. HP: 32/33 MP: 0/6
  1996 | D:2      | Found a sacrificial altar of Ru.
  2578 | D:3      | Found a bloodstained altar of Trog.
  2678 | D:3      | Found a faded altar of an unknown god.
  2684 | D:3      | Became a worshipper of Vehumet
  2684 | D:3      | Reached * piety under Vehumet
  2684 | D:3      | Offered knowledge of Sandblast by Vehumet.
  2693 | D:3      | Reached XP level 5. HP: 38/38 MP: 5/7
  2938 | D:3      | Found a hide-covered altar of Uskayaw.
  2942 | D:3      | Found a shadowy altar of Dithmenos.
  3199 | D:4      | Found a sparkling altar of Nemelex Xobeh.
  3280 | D:4      | Noticed Menkaure
  3323 | D:4      | Mangled by Menkaure

Levels and vault maps discovered:
D:1:      dpeg_arrival_chase, layout_basic
D:2:      layout_loops_ring, overflow_temple_1_default, first_ration,
          hangedman_decor_peaks_small, lightli_corner_chamber
D:3:      layout_loops_ring, bloody_trog, grunt_temple_overflow_open,
          chequers_ecumenical_altar_twisty
D:4:      layout_cave_pools, nemelex_xobeh_ov_fountains_minmay, temple_doors_e,
          roderic_st_hans_cross, st_stairs_7, uniq_menkaure, uniq_blork_the_orc

Skill      XL: |  1  2  3  4  5 |
---------------+----------------+-----
Conjurations   | 2 3 4 |  4.1
Fire Magic     | 4 |  4.5
Dodging        | |  1.5
Stealth        | |  1.5
Spellcasting   | |  1.5

Action                   |  1- 3 |  4- 6 || total
-------------------------+-------+-------++-------
Melee: Hand axe          |    24 |    23 ||    47
       Club              |     6 |       ||     6
Throw: Dart              |    10 |     4 ||    14
       Stone             |     1 |       ||     1
 Cast: Flame Tongue      |    57 |    39 ||    96
       Conjure Flame     |       |     1 ||     1
Evoke: Wand              |       |     5 ||     5
  Use: Scroll            |       |     8 ||     8
       Potion            |       |     1 ||     1
  Eat: Chunk             |     1 |     6 ||     7
       Ration            |     1 |       ||     1
Armor: Leather armour    |    28 |    14 ||    42
Dodge: Dodged            |    44 |    22 ||    66

Table legend:
 A = Non-vault XP
 B = Vault XP
 C = Vault XP percentage of total XP
 D = Non-vault monster count
 E = Vault monster count
 F = Vault count percentage of total count
                 A         B        C        D         E       F
            +---------+---------+-------+---------+---------+-------
      Total |     198 |      19 |   8.8 |      60 |       4 |   6.2
            +---------+---------+-------+---------+---------+-------
        D:1 |      37 |       0 |   0.0 |      23 |       0 |   0.0
        D:2 |      83 |      19 |  18.6 |      22 |       4 |  15.4
        D:3 |      42 |       0 |   0.0 |      13 |       0 |   0.0
        D:4 |      36 |       0 |   0.0 |       2 |       0 |   0.0
            +---------+---------+-------+---------+---------+-------
